 Dungeon Crawl Stone Soup version 0.26.1-11-gd32895ea62 (webtiles) character file.

Game seed: 4958112607005300687

24754 graymark the Thaumaturge (level 12, -18/59 HPs)
             Began as a Deep Elf Conjurer on May 19, 2021.
             Was a High Priest of Vehumet.
             Demolished by a boulder beetle (46 damage)
             ... on level 11 of the Dungeon.
             The game lasted 02:07:17 (19810 turns).

graymark the Thaumaturge (Deep Elf Conjurer)       Turns: 19810, Time: 02:07:17

Health: -18/59     AC:  8    Str:  4    XL:     12   Next: 83%
Magic:  4/40       EV: 13    Int: 29    God:    Vehumet [*****.]
Gold:   1400       SH:  0    Dex: 13    Spells: 7/37 levels left

rFire    . . .     SeeInvis .   y - +0 short sword (venom)
rCold    . . .     Faith    .   (no shield)
rNeg     + + .     Spirit   .   t - +2 robe of Day {rN+}
rPois    .         Reflect  .   (no helmet)
rElec    .         Harm     .   r - +0 cloak
rCorr    .         Rampage  .   a - +0 pair of gloves
Will     +....                  D - +1 pair of boots
Stlth    +++++.....             q - amulet of regeneration
HPRegen  0.59/turn              e - ring of magical power
MPRegen  0.27/turn              v - ring of positive energy

@: no status effects
A: no striking features
a: Renounce Religion


You were on level 11 of the Dungeon.
You worshipped Vehumet.
Vehumet was extremely pleased with you.
You visited 4 branches of the dungeon, and saw 15 of its levels.

You collected 1637 gold pieces.
You spent 237 gold pieces at shops.

Inventory:

Hand Weapons
 c - a +0 dagger
 y - a +0 short sword of venom (weapon)
 H - a +4 hunting sling
Missiles
 h - 10 javelins
 m - 7 curare-tipped darts
 o - 49 poisoned darts
 u - 293 stones
Armour
 a - a +0 pair of gloves (worn)
 r - a +0 cloak (worn)
 t - the +2 robe of Day (worn) {rN+}
   (You bought it in a shop on level 5 of the Dungeon)

   It protects you from negative energy.
 B - a +0 leather armour of cold resistance
 D - a +1 pair of boots (worn)
Jewellery
 e - a ring of magical power (left hand)
 q - an amulet of regeneration (around neck)
 v - a ring of positive energy (right hand)
 w - an uncursed ring of protection from cold
 T - a +6 ring of intelligence
Wands
 I - a wand of enslavement (4)
 K - a wand of random effects (48)
 M - a wand of flame (4)
 O - a wand of iceblast (2)
Scrolls
 d - 2 scrolls of immolation {unknown}
 f - 2 scrolls of fog {unknown}
 g - a scroll of teleportation
 j - 9 scrolls of remove curse
 x - 2 scrolls of noise {unknown}
 C - 3 scrolls of amnesia
 J - a scroll of torment {unknown}
 N - a scroll of holy word {unknown}
 P - a scroll of random uselessness {unknown}
Potions
 b - a potion of berserk rage
 i - 4 potions of flight
 k - 2 potions of attraction
 p - a potion of magic
 s - a potion of lignification
 A - 4 potions of curing
 E - 2 potions of mutation
 F - 2 potions of brilliance
 R - 2 potions of haste
 S - 2 potions of ambrosia


   Skills:
 - Level 2.5 Dodging
 - Level 11.1 Stealth
 + Level 13.1 Spellcasting
 + Level 12.1 Conjurations
 + Level 12.0 Hexes
 - Level 4.8 Translocations
 + Level 10.2 Fire Magic


You had 7 spell levels left.
You knew the following spells:

 Your Spells              Type           Power        Failure   Level
a - Magic Dart            Conj           100%         0%          1
b - Searing Ray           Conj           100%         1%          2
c - Dazzling Flash        Conj/Hex       100%         1%          3
d - Fulminant Prism       Conj/Hex       36%          1%          4
e - Iskenderun's Mystic   Conj/Tloc      62%          1%          4
f - Foxfire               Conj/Fire      100%         1%          1
g - Inner Flame           Hex/Fire       71%          1%          3
h - Sticky Flame          Conj/Fire      71%          1%          4
i - Fireball              Conj/Fire      35%          1%          5
j - Conjure Flame         Conj/Fire      71%          1%          3

Your spell library contained the following spells:

 Spells                   Type           Power        Failure   Level
 Conjure Ball Lightning   Conj/Air       26%          10%         6
 Ignite Poison            Fire/Tmut/Pois 38%          1%          3
 Starburst                Conj/Fire      35%          1%          6
 Ignition                 Fire           34%          54%         8


Dungeon Overview and Level Annotations

Branches:
Dungeon (11/15)            Temple (1/1) D:6            Lair (1/6) D:10
    Orc (2/2) D:10            Elf (0/3) Orc:2

Altars:
Ashenzari
Cheibriados
Dithmenos
Elyvilon
Fedhas
Gozag
Hepliaklqana
Kikubaaqudgha
Makhleb
Nemelex Xobeh
Okawaru
Qazlal
Ru
Sif Muna
Trog
Uskayaw
Vehumet
Wu Jian
Xom
Yredelemnul
Zin
The Shining One
Beogh
Jiyva

Shops:
D:5 [[:!   Orc:2 :*((


Message History

Casting: Iskenderun's Mystic Blast (safe; 1% risk of failure)
Confirm with . or Enter, or press ? or * to list all spells.
You erupt in a blast of force!
The mystic blast hits the boulder beetle.
The boulder beetle is almost dead.
The boulder beetle is knocked back by the mystic blast.
Casting: Iskenderun's Mystic Blast (safe; 1% risk of failure)
Confirm with . or Enter, or press ? or * to list all spells.
Aiming: Fireball (dangerous; 1% risk of failure)
Press: ? - help, Shift-Dir - straight line, p - boulder beetle The fireball explodes!
The fireball engulfs the bullfrog!!
You kill the bullfrog!
Vehumet accepts your kill.
You feel your power returning.
The fireball engulfs the boulder beetle but does no damage.
The boulder beetle is almost dead.
The boulder beetle curls into a ball and begins rolling!
You feel better. The boulder beetle hits you!!!
Ouch! That really hurt!
You die...

###...#..........#
.)#...#...^......#
#.#...#.#^.......#
..#...'..........#
..######'###.....#
.......'...#.....#
.....#.#...#.##..#
.......#.###.....#
########.####...@#
...# #....#..B.#
#.## ####.#.○..#
#.##### #.#....#
......# ###.##.#
####### #....#
#....# #....#
#..#.#


You could see a boulder beetle.

Vanquished Creatures
  Jorgrun (Orc:1)
  The ghost of Darold the Protected, a journeyman PaFi of Okawaru (D:10)
  Josephine (D:11)
  Erolcha (Orc:2)
  A two-headed ogre (D:9)
  An orc high priest (Orc:1)
  An unseen horror (D:10)
  2 orc knights
  5 orc sorcerers
  A manticore (D:11)
  A cyclops (D:11)
  Maurice (D:11)
  2 gargoyles
  Maggie (D:7)
  A kobold demonologist (D:9)
  An efreet (D:11)
  5 trolls
  A blink frog (Lair:1)
  3 slime creatures (D:10)
  5 wraiths (D:11)
  A shadow (D:11)
  2 wyverns
  2 wargs
  An acid dragon (D:11)
  2 water moccasins
  An ice beast (D:6)
  A phantom (D:6)
  5 sky beasts
  A black bear (D:9)
  28 orc warriors
  6 ogres
  A necrophage (D:6)
  8 centaurs
  Blork the orc (D:6)
  10 big kobolds (D:9)
  5 bullfrogs
  A gnoll sergeant (D:8)
  A scorpion (D:6)
  14 killer bees
  13 wights
  2 centaur zombies
  2 bullfrog zombies
  3 hounds (D:10)
  6 jellies
  41 orc wizards
  16 orc priests
  Crazy Yiuf (D:3)
  2 centaur skeletons
  4 iguanas
  5 worker ants
  2 worker ant zombies
  2 howler monkey skeletons (D:3)
  9 gnolls
  11 adders
  3 shadow imps
  A white imp (D:7)
  An ufetubus (D:6)
  2 oozes
  3 adder skeletons
  3 adder zombies
  2 worms
  10 dart slugs
  8 leopard geckos
  86 orcs
  2 giant cockroaches
  6 goblins
  8 hobgoblins
  8 jackals
  15 kobolds
  10 quokkas
  A ball python (D:1)
  2 ball python skeletons
  A ball python zombie (D:3)
  8 bats
  5 frilled lizards
  A giant cockroach zombie (D:3)
  2 leopard gecko skeletons
  A leopard gecko zombie (D:3)
  A quokka skeleton (D:3)
  A quokka zombie (D:5)
  6 rats
  A fulminant prism (Orc:1)
444 creatures vanquished.

Vanquished Creatures (others)
  An orc wizard (Orc:2)
  An orc (Orc:2)
  4 foxfires
  50 fulminant prisms
  A fungus (D:3)
  4 plants (D:1)
  3 withered plants
64 creatures vanquished.

Grand Total: 508 creatures vanquished

Notes
Turn   | Place    | Note
-------+----------+-------------------------------------------
     0 | D:1      | graymark the Deep Elf Conjurer began the quest for the Orb.
     0 | D:1      | Reached XP level 1. HP: 10/10 MP: 6/6
   553 | D:1      | Reached XP level 2. HP: 15/15 MP: 2/8
   557 | D:1      | Learned a level 2 spell: Searing Ray
   879 | D:1      | Reached skill level 5 in Conjurations
  1452 | D:2      | Reached XP level 3. HP: 19/19 MP: 4/9
  1739 | D:2      | Found a snail-covered altar of Cheibriados.
  1948 | D:2      | Reached XP level 4. HP: 24/24 MP: 9/11
  2400 | D:3      | Reached skill level 4 in Spellcasting
  2972 | D:3      | Reached XP level 5. HP: 28/28 MP: 13/13
  3155 | D:3      | Learned a level 3 spell: Dazzling Flash
  3160 | D:3      | Learned a level 4 spell: Fulminant Prism
  3243 | D:3      | Reached skill level 1 in Hexes
  3649 | D:3      | Reached XP level 6. HP: 32/32 MP: 15/15
  3965 | D:3      | Learned a level 4 spell: Iskenderun's Mystic Blast
  4027 | D:3      | Found a runed translucent door.
  4028 | D:3      | Noticed Crazy Yiuf
  4040 | D:3      | Killed Crazy Yiuf
  4399 | D:4      | Reached skill level 5 in Spellcasting
  4758 | D:5      | Entered Level 5 of the Dungeon
  5151 | D:5      | Found Lesuapo's Antique Armour Shoppe.
  5157 | D:5      | Bought a tattered robe for 159 gold pieces
  5167 | D:5      | Identified the +2 robe of Day {rN+} (You bought it in a
                  | shop on level 5 of the Dungeon)
  5209 | D:5      | Reached XP level 7. HP: 36/36 MP: 17/17
  5317 | D:5      | Found Vant's Book Shop.
  5318 | D:5      | Found a basalt altar of Yredelemnul.
  5387 | D:5      | Reached skill level 5 in Stealth
  5410 | D:5      | Reached skill level 6 in Spellcasting
  5655 | D:5      | Found Kuseenyrr's Distillery.
  5660 | D:5      | Bought a potion of curing for 39 gold pieces
  5660 | D:5      | Bought a potion of curing for 39 gold pieces
  5686 | D:5      | Found Umolobro's Antique Armour Shoppe.
  6269 | D:6      | Reached XP level 8. HP: 41/41 MP: 18/20
  6274 | D:6      | Reached skill level 5 in Hexes
  6430 | D:6      | Reached skill level 7 in Spellcasting
  6627 | D:6      | Found a staircase to the Ecumenical Temple.
  6632 | D:6      | Noticed Blork the orc
  6641 | D:6      | Killed Blork the orc
  6648 | Temple   | Entered the Ecumenical Temple
  6846 | Temple   | Became a worshipper of Vehumet
  6926 | D:6      | Found a stormy altar of Qazlal.
  6930 | D:6      | Found an opulent altar of Gozag.
  7286 | D:7      | Reached skill level 8 in Spellcasting
  7331 | D:7      | Reached skill level 1 in Translocations
  7356 | D:7      | Reached XP level 9. HP: 45/45 MP: 10/23
  8227 | D:7      | Noticed Maggie
  8231 | D:7      | Reached * piety under Vehumet
  8231 | D:7      | Offered knowledge of Foxfire by Vehumet.
  8238 | D:7      | Killed Maggie
  8348 | D:7      | Learned a level 1 spell: Foxfire
  9039 | D:8      | Found a broken altar of Ashenzari.
  9634 | D:9      | Reached skill level 1 in Fire Magic
  9906 | D:9      | Found a hide-covered altar of Uskayaw.
  9948 | D:9      | Reached skill level 9 in Spellcasting
  9953 | D:9      | Noticed a two-headed ogre
  9978 | D:9      | Killed a two-headed ogre
 10203 | D:9      | Reached XP level 10. HP: 50/50 MP: 25/25
 10434 | D:9      | Found a hazy altar of Hepliaklqana.
 10578 | D:9      | Reached ** piety under Vehumet
 10578 | D:9      | Offered knowledge of Sandblast by Vehumet.
 10853 | D:9      | Offered knowledge of Inner Flame by Vehumet.
 10858 | D:9      | Learned a level 3 spell: Inner Flame
 11084 | D:9      | Learned a level 4 spell: Sticky Flame
 11090 | D:9      | Learned a level 5 spell: Fireball
 11138 | D:9      | Reached skill level 10 in Spellcasting
 11299 | D:9      | Reached *** piety under Vehumet
 11454 | D:10     | Entered Level 10 of the Dungeon
 11624 | D:10     | Noticed an unseen horror
 11626 | D:10     | Killed an unseen horror
 11627 | D:10     | Reached skill level 10 in Stealth
 11627 | D:10     | Reached skill level 10 in Conjurations
 11982 | D:10     | Found a staircase to the Lair.
 11985 | D:10     | Offered knowledge of Olgreb's Toxic Radiance by Vehumet.
 12154 | D:10     | Reached **** piety under Vehumet
 12155 | D:10     | Reached XP level 11. HP: 48/54 MP: 25/27
 12292 | D:10     | Offered knowledge of Hailstorm by Vehumet.
 12347 | D:10     | Found a staircase to the Orcish Mines.
 12584 | D:10     | Found a runed translucent gate.
 12585 | D:10     | Found a runed translucent gate.
 12654 | D:10     | Reached skill level 10 in Hexes
 12755 | D:10     | Found a runed translucent gate.
 12755 | D:10     | Noticed Darold's ghost (journeyman PaFi)
 12758 | D:10     | Found a viscous altar of Jiyva.
 12967 | D:10     | Reached skill level 11 in Spellcasting
 14368 | D:10     | Learned a level 3 spell: Conjure Flame
 14588 | D:10     | Killed Darold's ghost
 14589 | D:10     | Reached skill level 5 in Fire Magic
 14722 | Orc:1    | Entered Level 1 of the Orcish Mines
 14872 | Orc:1    | Noticed an orc sorcerer
 14908 | Orc:1    | Killed an orc sorcerer
 15410 | Orc:1    | Noticed an orc knight
 15452 | Orc:1    | Killed an orc knight
 15686 | Orc:2    | Entered Level 2 of the Orcish Mines
 15686 | Orc:2    | Found a staircase to the Elven Halls.
 15686 | Orc:2    | Noticed an orc knight
 15693 | Orc:2    | Killed an orc knight
 15836 | Orc:2    | Noticed an orc sorcerer
 15837 | Orc:2    | Reached ***** piety under Vehumet
 15838 | Orc:2    | Killed an orc sorcerer
 15838 | Orc:2    | Offered knowledge of Lee's Rapid Deconstruction by Vehumet.
 15840 | Orc:2    | Noticed an orc high priest
 16063 | Orc:1    | Killed an orc high priest
 16132 | Orc:2    | Noticed an orc sorcerer
 16134 | Orc:2    | Killed an orc sorcerer
 16137 | Orc:2    | Noticed an orc sorcerer
 16140 | Orc:2    | Noticed a soul eater
 16283 | Orc:2    | Paralysed by an orc sorcerer for 3 turns
 16364 | Orc:2    | Killed an orc sorcerer
 16365 | Orc:2    | Reached skill level 12 in Spellcasting
 16422 | Orc:2    | Noticed an orc sorcerer
 16428 | Orc:2    | Noticed a sun demon
 16452 | Orc:2    | Killed an orc sorcerer
 16453 | Orc:2    | Reached XP level 12. HP: 59/59 MP: 27/30
 16457 | Orc:2    | Noticed Erolcha
 16576 | Orc:2    | Killed Erolcha
 16916 | Orc:2    | Found Jaer Ext's General Store.
 16916 | Orc:2    | Found Zorhom's Book Shop.
 16917 | Orc:2    | Found Fyuthru's Antique Weapon Boutique.
 16920 | Orc:2    | Found Kueffyno's Antique Weapon Boutique.
 17527 | Orc:1    | You fall into a shaft and drop 1 floor!
 17801 | Orc:1    | Noticed Jorgrun
 17927 | Orc:1    | Killed Jorgrun
 18264 | Orc:1    | Found a roughly hewn altar of Beogh.
 18542 | Lair:1   | Entered Level 1 of the Lair of Beasts
 19124 | D:11     | Noticed Maurice
 19127 | D:11     | Killed Maurice
 19129 | D:11     | Found an opulent altar of Gozag.
 19137 | D:11     | Offered knowledge of Conjure Ball Lightning by Vehumet.
 19546 | D:11     | Noticed Josephine
 19548 | D:11     | Reached skill level 13 in Spellcasting
 19551 | D:11     | Killed Josephine
 19552 | D:11     | Reached skill level 10 in Fire Magic
 19788 | D:11     | Noticed a boulder beetle
 19810 | D:11     | Demolished by a boulder beetle

Illustrated notes

Levels and vault maps discovered:
D:1:      erik_arrival_triangle_medium, layout_rooms, serial_forest,
          infiniplex_forest_clump_C, infiniplex_forest_lined_corner,
          infiniplex_forest_clump_curved, infiniplex_forest_side_room,
          infiniplex_forest_straight_3, infiniplex_forest_lined_2,
          infiniplex_forest_clump_cross, infiniplex_forest_straight_3,
          infiniplex_forest_lined_room_2
D:2:      layout_basic, lemuel_crystal_altar, minmay_split_cup_large
D:3:      layout_loops_ring, serial_undead, serial_undead_e, serial_undead_a,
          serial_undead_c, serial_undead_f, serial_undead_c, serial_undead_f,
          serial_undead_d, serial_undead_d, serial_undead_e, serial_undead_d,
          uniq_crazy_yiuf_cottage
D:4:      layout_layer_cave, grunt_decor_junction
D:5:      kennysheep_slugbush, layout_loops_ring, yredelemnul_altar_generic,
          serial_shops, kennysheep_little_box, nicolae_shop_behind_doors,
          nicolae_shop_trees, shop, moated_statue
D:6:      layout_cave_pools, overflow_temple_1_default,
          minmay_temple_entry_glass, nicolae_qazlal_eye_of_the_storm,
          uniq_blork_the_orc
D:7:      layout_basic, hangedman_decor_diamond_cutter, minmay_crystal_room,
          uniq_maggie
D:8:      layout_basic, evilmike_ruin_ashenzari, minmay_misc_feat_doors
D:9:      layout_basic, old_standard_altar, nzn_hepliaklqana_mist_gate,
          special_room [special_room_kobold]
D:10:     layout_basic, lair_entry_dummy, hiddenorc2_lemuel,
          gammafunk_ghost_ooze
D:11:     layout_stronghold, grunt_gozag_breadcrumbs, uniq_josephine,
          uniq_maurice
Temple:   nicolae_temple_elliptical
Lair:1:   layout_cave_pods, st_stairs_8, grunt_forest_small_clearings
Orc:1:    nicolae_orc_accident_1, layout_diamond_mine, lemuel_statue_altar,
          uniq_jorgrun
Orc:2:    st_orc_mages, layout_caves, uniq_erolcha

Skill      XL: |  1  2  3  4  5  6  7  8  9 10 11 12 |
---------------+-------------------------------------+-----
Conjurations   | 5 6 7 8 9 10 11 12 | 12.1
Stealth        | 3 4 6 7 8 10 11 | 11.1
Spellcasting   | 4 5 6 8 9 10 12 13 | 13.1
Hexes          | 1 3 4 6 8 9 10 12 | 12.0
Translocations | 1 4 |  4.8
Fire Magic     | 2 4 7 10 | 10.2
Dodging        | |  2.5

Action                   |  1- 3 |  4- 6 |  7- 9 | 10-12 || total
-------------------------+-------+-------+-------+-------++-------
Melee: Dagger            |    17 |    14 |       |       ||    31
       Short sword       |       |    14 |       |    20 ||    34
 Fire: Hunting sling     |       |    10 |       |       ||    10
 Cast: Magic Dart        |    54 |    90 |   147 |   211 ||   502
       Searing Ray       |     4 |    53 |   122 |   272 ||   451
       Dazzling Flash    |       |     2 |     7 |       ||     9
       Fulminant Prism   |       |       |    11 |    41 ||    52
       Foxfire           |       |       |     1 |     2 ||     3
       Iskenderun's Myst |       |       |     1 |    23 ||    24
       Sticky Flame      |       |       |       |     7 ||     7
       Fireball          |       |       |       |    92 ||    92
Evoke: Wand              |       |       |       |    16 ||    16
  Use: Scroll            |     1 |    11 |     3 |     4 ||    19
       Potion            |       |     1 |       |     8 ||     9
 Stab: Sleeping          |     1 |     2 |       |     1 ||     4
Armor: Robe              |     1 |     6 |     3 |    46 ||    56
Dodge: Dodged            |    12 |    50 |    25 |   103 ||   190
